 Dungeon Crawl Stone Soup version 0.28-a0-114-g2bf3c13a2f (webtiles) character file.

Game seed: 12597258131124397610

287 jasper the Insei (level 6, -1/43 HPs)
             Began as a Demonspawn Transmuter on Aug 12, 2021.
             Slain by a black bear (3 damage)
             ... on level 4 of the Dungeon.
             The game lasted 00:04:37 (3782 turns).

jasper the Insei (Demonspawn Transmuter)            Turns: 3782, Time: 00:04:38

Health: -1/43      AC: 11    Str: 11    XL:     6   Next: 8%
Magic:  8/9        EV: 12    Int: 16    God:
Gold:   107        SH:  0    Dex: 13    Spells: 3/9 levels left

rFire   . . .      SeeInvis .     - Unarmed
rCold   . . .      Faith    .   (no shield)
rNeg    . . .      Spirit   .   a - +0 robe
rPois   .          Reflect  .   (no helmet)
rElec   .          Harm     .   (no cloak)
rCorr   .          Rampage  .   (no gloves)
Will    .....                   (no boots)
Stlth   +.........              (no amulet)
HPRegen 0.14/turn               (no ring)
MPRegen 0.22/turn               (no ring)

@: wereblooded, sanguine armoured
A: talons 1, magic regeneration, sanguine armour 2
a: no special abilities


You were on level 4 of the Dungeon.
You visited 1 branch of the dungeon, and saw 4 of its levels.

You collected 107 gold pieces.

Inventory:

Missiles
 d - 56 stones
 h - 10 poisoned darts
Armour
 a - a +0 robe (worn)
Jewellery
 g - a ring of willpower
Scrolls
 b - a scroll of teleportation
 c - 2 scrolls of identify
 f - a scroll of amnesia
 k - a scroll of brand weapon
Potions
 e - 3 potions of mutation


   Skills:
 - Level 1.0 Fighting
 - Level 1.7 Dodging
 + Level 6.3 Unarmed Combat
 - Level 2.0 Spellcasting
 - Level 1.7 Transmutations


You had 3 spell levels left.
You knew the following spells:

 Your Spells              Type           Power      Damage    Failure   Level
a - Beastly Appendage     Tmut           14%        N/A       10%         1
b - Wereblood             Tmut           7%         N/A       16%         2
c - Spider Form           Tmut/Pois      2%         N/A       41%         3

Your spell library contained the following spells:

 Spells                   Type           Power      Damage    Failure   Level
 Ignite Poison            Fire/Tmut/Pois 3%         N/A       43%         3
 Mephitic Cloud           Conj/Pois/Air  1%         N/A       52%         3
 Ice Form                 Ice/Tmut       4%         N/A       82%         4
 Bolt of Magma            Conj/Fire/Erth 0%         4d4       99%         5


Dungeon Overview and Level Annotations

Branches:
Dungeon (4/15)
 Temple: D:4-7

Altars:
Dithmenos
Okawaru
Trog
Uskayaw
Vehumet


Innate Abilities, Weirdness & Mutations

You have sharp toenails.
You regenerate magic rapidly.
When seriously injured, your bleeding wounds create thick armour. (AC +9)


Message History

Your blood is infused with primal strength.
The black bear barely misses you. x2
The black bear claws you but does no damage.
You now have 7/9 mp.
You barely miss the black bear. You claw the black bear.
The black bear is severely wounded.
The black bear goes berserk!
You closely miss the black bear.
The black bear is severely wounded.
The black bear bites you but does no damage.
The black bear closely misses you. x2
You hit the black bear but do no damage.
Your kick misses the black bear.
The black bear is severely wounded.
The black bear bites you!
* * * LOW HITPOINT WARNING * * *
The black bear claws you but does no damage.
The black bear completely misses you.
You take 8 damage, and have 7/43 hp.
You feel better. The black bear bites you. The black bear misses you. x2
The black bear bites you.
* * * LOW HITPOINT WARNING * * *
The black bear barely misses you.
The black bear claws you but does no damage.
You regained 5 hp, and now have 12/43 hp.
You barely miss the black bear.
The black bear is severely wounded.
Your horns disappear.
The black bear bites you.
* * * LOW HITPOINT WARNING * * *
The black bear claws you but does no damage.
The black bear barely misses you.
You take 6 damage, and have 6/43 hp.
You hit the black bear but do no damage.
You claw the black bear.
The black bear is almost dead.
The black bear barely misses you. x3; The black bear bites you.
* * * LOW HITPOINT WARNING * * *
The black bear claws you.
You die...

......# #_# ####.....#
......###.#####.....(..#
......##...##...#......#
......#..#..####...#####
......#.###.###...##
[.....#.###.##...##
.....##†#_...###.#
<....'..#...._##.#
.######.#_...###@#
......#.###.##...hK....#
.######.###.#..#########
.# #..#..### .#
#####...## .###...##.##
.....####_# ...### ###
.#..#


You could see a black bear (berserk) and a kobold.

Vanquished Creatures
  An ogre (D:4)
  2 bullfrog skeletons (D:4)
  5 adders
  4 gnolls (D:2)
  2 dart slugs
  An orc (D:3)
  6 ball pythons
  3 endoplasms
  3 giant cockroaches (D:1)
  6 hobgoblins
  6 jackals
  2 quokkas
  9 bats
  A frilled lizard (D:2)
  2 goblins (D:2)
  2 kobolds
  4 rats
59 creatures vanquished.

Notes
Turn   | Place    | Note
-------+----------+-------------------------------------------
     0 | D:1      | jasper the Demonspawn Transmuter began the quest for the
                  | Orb.
     0 | D:1      | Reached XP level 1. HP: 15/15 MP: 3/3
    31 | D:2      | Reached skill level 3 in Unarmed Combat
    41 | D:2      | Gained mutation: When seriously injured, your bleeding
                  | wounds create armour. (AC +9) [demonic ancestry]
    41 | D:2      | Reached XP level 2. HP: 4/21 MP: 3/5
   494 | D:2      | Gained mutation: You regenerate magic rapidly. [demonic
                  | ancestry]
   494 | D:2      | Reached XP level 3. HP: 14/26 MP: 4/6
   503 | D:2      | Learned a level 2 spell: Wereblood
   507 | D:2      | Learned a level 3 spell: Spider Form
   692 | D:2      | HP: 1/26 [gnoll (1)]
  1262 | D:1      | Reached skill level 4 in Unarmed Combat
  2345 | D:2      | Reached XP level 4. HP: 29/32 MP: 5/7
  2668 | D:2      | Reached skill level 5 in Unarmed Combat
  3011 | D:4      | Gained mutation: When seriously injured, your bleeding
                  | wounds create thick armour. (AC +9) [demonic ancestry]
  3011 | D:4      | Reached XP level 5. HP: 29/37 MP: 6/8
  3088 | D:4      | Noticed an ogre
  3094 | D:4      | Killed an ogre
  3095 | D:4      | Reached skill level 6 in Unarmed Combat
  3368 | D:4      | Found a bloodstained altar of Trog.
  3368 | D:4      | Found an iron altar of Okawaru.
  3520 | D:4      | Found a faded altar of an unknown god.
  3522 | D:4      | Found a faded altar of an unknown god.
  3524 | D:4      | Found a radiant altar of Vehumet.
  3575 | D:4      | Found a shadowy altar of Dithmenos.
  3584 | D:4      | Found a hide-covered altar of Uskayaw.
  3641 | D:4      | Mutation became permanent: You have sharp toenails.
                  | [demonic ancestry]
  3641 | D:4      | Gained mutation: You have razor-sharp toenails. [demonic
                  | ancestry]
  3641 | D:4      | Reached XP level 6. HP: 28/43 MP: 9/9
  3782 | D:4      | HP: 2/43 [black bear (4)]
  3782 | D:4      | Slain by a black bear

Illustrated notes

Levels and vault maps discovered:
D:1:      dpeg_arrival_line_fractal, layout_basic, minmay_misc_feat_nine_boxes
D:2:      layout_basic
D:3:      layout_basic, lightli_temple_of_fire,
          shapermc_ecumenical_altar_pompeii, serial_shops, nicolae_shop_trees,
          nicolae_shop_temple_entry_statues_fountains, shop, uniq_sigmund,
          uniq_robin, uniq_grinder
D:4:      layout_rooms, tgw_kikubaaqudgha, chequers_temple_overflow_minitemple,
          mainiacjoe_overflow_swirl, uniq_pikel

Skill      XL: |  1  2  3  4  5 |
---------------+----------------+-----
Unarmed Combat | 3 4 5 6 |  6.3
Fighting       | |  1.0
Dodging        | |  1.7
Spellcasting   | |  2.0
Transmutations | |  1.7

Action                   |  1- 3 |  4- 6 || total
-------------------------+-------+-------++-------
Melee: Unarmed           |    98 |   104 ||   202
       Headbutt          |    16 |    11 ||    27
       Kick              |    16 |    15 ||    31
       Punch             |     1 |     5 ||     6
 Cast: Beastly Appendage |    23 |    13 ||    36
       Wereblood         |     1 |     4 ||     5
  Use: Scroll            |     7 |     2 ||     9
       Potion            |       |     2 ||     2
 Stab: Invisible         |       |     2 ||     2
Armor: Robe              |    30 |    21 ||    51
Dodge: Dodged            |    63 |    70 ||   133

Table legend: (Time is in decaauts)
 A = Elapsed time spent in this place.
 B = Non-inter-level travel time spent in this place.
 C = Inter-level travel time spent in this place.
 D = Time resting spent in this place.
 E = Time spent auto-exploring this place.
 F = Levels seen in this place.
 G = Mean time per level.
                   A        B        C        D        E       F      G
               +--------+--------+--------+--------+--------+-----+--------+
         Total |   3765 |   3665 |    100 |   1105 |   2017 |   4 |  941.2 |
       Dungeon |   3765 |   3665 |    100 |   1105 |   2017 |   4 |  941.2 |
               +--------+--------+--------+--------+--------+-----+--------+

Top non-repeatable levels by time:
     D:2: 1402 daAuts
     D:1: 1393 daAuts
     D:4: 776 daAuts
     D:3: 193 daAuts
